 Dungeon Crawl Stone Soup version 0.31.0-9-g3a7656b989 (webtiles) character file.

Game seed: 1852334524671359548

42 qw the Shooter (level 3, -5/18 HPs)
             Began as a Spriggan Hunter on Feb 2, 2024.
             Killed by divine providence
             ... invoked by an orc priest
              (10 damage)
             ... on level 2 of the Dungeon.
             The game lasted 00:00:02 (878 turns).

qw the Shooter (Spriggan Hunter)                     Turns: 878, Time: 00:00:03

Health: -5/18      AC:  2    Str:  7    XL:     3   Next: 33%
Magic:  4/4        EV: 19    Int: 10    God:
Gold:   65         SH:  0    Dex: 20    Spells: 2/2 levels left

rFire   . . .        a - +0 shortbow (heavy)
rCold   . . .        (shield currently unavailable)
rNeg    . . .        c - +0 robe
rPois   .            (helmet restricted)
rElec   .            (no cloak)
rCorr   .            (gloves unavailable)
SInv    +            (boots unavailable)
Will    .....        (no amulet)
Stlth   ++           (no ring)
HPRegen 0.23/turn    (no ring)
MPRegen 0.09/turn

%: no passive effects
@: very quick
A: very small, no large weapons, unfitting armour, see invisible, speed 3
a: no special abilities


You were on level 2 of the Dungeon.
You visited 1 branch of the dungeon, and saw 2 of its levels.

You collected 65 gold pieces.


Innate Abilities, Weirdness & Mutations

You are very small and have problems with some larger weapons.
You are too small for most types of armour.
You have supernaturally acute eyesight. (SInv)
You cover ground extremely quickly. (Speed+++)


   Skills:
 - Level 1.5 Fighting
 + Level 4.6 Ranged Weapons
 - Level 4.1 Dodging
 - Level 1.5 Stealth


You had 2 spell levels left.
You didn't know any spells.
Your spell library was empty.

Inventory:

Hand Weapons
 a - a +0 heavy shortbow (weapon)
Armour
 c - a +0 robe (worn)
 h - a +0 cloak
Wands
 i - a wand of paralysis (12)
Scrolls
 f - a scroll of fog {unknown}
Potions
 b - a potion of brilliance {unknown}
 d - a potion of berserk rage {unknown}
 e - a potion of mutation
 g - a potion of curing {unknown}
 j - a potion of magic {unknown}

Dungeon Overview and Level Annotations

Branches:
Dungeon (2/15)

Altars:


Message History

Found a chain mail.
An orc comes into view. It is wielding a +0 club.
You shoot an arrow. The orc shouts!
The arrow hits the orc!
You kill the orc!
h - a +0 cloak
i - a wand of paralysis (12)
You now have 65 gold pieces (gained 10).
A frilled lizard comes into view.
The frilled lizard hisses angrily.
You shoot an arrow. The arrow hits the frilled lizard!
You kill the frilled lizard!
j - a bubbling orange potion An orc comes into view.
It is wielding a +0 club.
You shoot an arrow. The orc shouts!
The arrow hits the orc.
The orc is heavily wounded.
You hear a shout! x2
You shoot an arrow. The arrow completely misses the orc.
The orc misses you. The orc closely misses you.
An orc comes into view. It is wielding a +0 dagger.
You shoot an arrow. The arrow hits the orc.
The orc is severely wounded.
The orc closely misses you. x2
You shoot an arrow. The arrow barely misses the orc.
The orc barely misses you.
You shoot an arrow. The arrow closely misses the orc.
An orc priest comes into view. It is wielding a +0 club.
The orc barely misses you.
The orc priest mumbles some strange prayers to Beogh against you.
Beogh smites you!
Ouch! That really hurt!
The orc hits you with a +0 club.
You shoot an arrow. The arrow completely misses the orc.
The orc priest calls down the wrath of Beogh upon you.
Beogh smites you!
Ouch! That really hurt!
You die...

..#.#####.. #...........
.##.<.....# #...........
.....###### #...........
.##.....# #...........
.######.#####........%.. .#
#....#...........o
.########...............
..(.......#####..oo.##.
.########## #<@##### ######## .#
##.....### #.......
####################...###.......
.....%...........................
##########################).[....
#....... ########


You could see an orc priest and 2 orcs.

Vanquished Creatures
  4 dart slugs
  An orc (D:2)
  4 bats
  3 endoplasms
  A giant cockroach (D:2)
  3 hobgoblins
  2 kobolds (D:1)
  2 quokkas (D:1)
  3 ball pythons
  2 frilled lizards
  3 goblins
  2 rats
30 creatures vanquished.

Notes
Turn   | Place    | Note
-------+----------+-------------------------------------------
     0 | D:1      | qw the Spriggan Hunter began the quest for the Orb.
     0 | D:1      | Reached XP level 1. HP: 10/10 MP: 2/2
     0 | D:1      | 0 ||| qw: Version: 0.3-a-155-g5e7d8dd
     0 | D:1      | 0 ||| qw: Game counter: 910
     0 | D:1      | 0 ||| qw: Melee chars always use a shield: true
     0 | D:1      | 0 ||| qw: God list: Okawaru
     0 | D:1      | 0 ||| qw: Allow faded altars: false
     0 | D:1      | 0 ||| qw: Do Orc after clearing Dungeon:15 true
     0 | D:1      | 0 ||| qw: Do second Lair branch before Depths: true
     0 | D:1      | 0 ||| qw: Lair rune preference: random
     0 | D:1      | 0 ||| qw: Goals: Normal
     0 | D:1      | 0 ||| PLANNING D:1-11
    30 | D:1      | Reached skill level 3 in Dodging
   146 | D:1      | Reached XP level 2. HP: 14/14 MP: 3/3
   225 | D:1      | Found a faded altar of an unknown god.
   503 | D:1      | 503 ||| READING scroll labelled UGIDOW HOAD.
   504 | D:1      | 504 ||| READING scroll labelled YMEAQA WOTABAA.
   507 | D:1      | 507 ||| READING scroll labelled FEWKOU OCHANK.
   507 | D:1      | 507 ||| IDENTIFYING glowing brown potion
   508 | D:1      | 508 ||| READING scroll labelled FUOCSI ONAPP.
   508 | D:1      | 508 ||| BRANDING +0 shortbow.
   509 | D:1      | 509 ||| DROPPING scroll of butterflies.
   587 | D:2      | 587 ||| READING scroll of brand weapon.
   587 | D:2      | 587 ||| BRANDING +0 shortbow of freezing.
   614 | D:2      | Reached XP level 3. HP: 18/18 MP: 4/4
   634 | D:2      | 634 ||| FLEEEEING.
   878 | D:2      | Killed from afar by an orc priest

Levels and vault maps discovered:
D:1:      dpeg_arrival_shelter, layout_basic, basic_ecumenical_altar,
          minmay_stone_trees_small, amcnicky_mini_corridor_feature
D:2:      layout_rooms

Skill      XL: |  1  2 |
---------------+-------+-----
Dodging        | 3 4 |  4.1
Fighting       | |  1.5
Ranged Weapons | |  4.6
Stealth        | |  1.5

Action                     || total
---------------------------++-------
   Fire: Shortbow          ||    59
    Use: Scroll            ||     5
 Armour: Robe              ||     4
  Dodge: Dodged            ||    12

Table legend:
 A = Non-vault XP
 B = Vault XP
 C = Vault XP percentage of total XP
 D = Non-vault monster count
 E = Vault monster count
 F = Vault count percentage of total count
                 A         B        C        D         E       F
            +---------+---------+-------+---------+---------+-------
      Total |      60 |       0 |   0.0 |      30 |       0 |   0.0
            +---------+---------+-------+---------+---------+-------
        D:1 |      34 |       0 |   0.0 |      18 |       0 |   0.0
        D:2 |      26 |       0 |   0.0 |      12 |       0 |   0.0
            +---------+---------+-------+---------+---------+-------
